 Dungeon Crawl Stone Soup version 0.18.1-50-g88ac8fd (webtiles) character file.

26 epen the Insei (level 2, 0/21 HPs)
             Began as a Demonspawn Transmuter on Aug 20, 2017.
             Slain by a jackal (2 damage)
             ... on level 2 of the Dungeon.
             The game lasted 00:02:24 (713 turns).

epen the Insei (Demonspawn Transmuter)               Turns: 713, Time: 00:02:24

Health: 0/21       AC:  3    Str: 10    XL:     2   Next: 89%
Magic:  3/5        EV: 12    Int: 16    God:
Gold:   74         SH:  0    Dex: 15    Spells: 2 memorised, 2 levels left

rFire  + . .     SeeInvis .       - Unarmed
rCold  + . .     Gourm    .     b - +0 robe
rNeg   . . .     Faith    .     (no shield)
rPois  +         Spirit   .     (no helmet)
rElec  +         Dismiss  .     f - +0 cloak
rCorr  +         Reflect  .     (no gloves)
SustAt .         Harm     .     (no boots)
MR     .....                    (no amulet)
Stlth  +.........               (no ring)
                                k - ring of loudness (curse)

@: lethally poisoned (0 -> -12), resistant, very slightly contaminated, not
resistant to hostile enchantments, very unstealthy
A: agile 1, clever 1, nightstalker 1, MP-powered wands
a: no special abilities


You were on level 2 of the Dungeon.
You were not hungry.

You visited 1 branch of the dungeon, and saw 2 of its levels.

You collected 74 gold pieces.

Inventory:

Missiles
 a - 11 arrows
Armour
 b - a +0 robe (worn)
 f - a +0 cloak (worn)
Jewellery
 k - a cursed ring of loudness (left hand)
Scrolls
 h - a scroll of amnesia {unknown}
 i - 2 scrolls of fear {unknown}
 j - 3 scrolls of blinking {unknown}
Books
 c - a book of Changes

   Spells                             Type                      Level
   a - Beastly Appendage              Transmutation                1
   b - Sticks to Snakes               Transmutation                2
   c - Spider Form                    Transmutation/Poison         3
   d - Ice Form                       Ice/Transmutation            4
   e - Blade Hands                    Transmutation                5
Comestibles
 d - 3 bread rations
 g - a beef jerky


   Skills:
 + Level 1.5 Fighting
 + Level 2.0 Dodging
 * Level 3.0 Unarmed Combat
 + Level 2.2 Spellcasting
 + Level 2.0 Transmutations


You had 2 spell levels left.
You knew the following spells:

 Your Spells              Type           Power        Failure   Level  Hunger
a - Beastly Appendage     Trmt           #.....       10%         1    #......
b - Sticks to Snakes      Trmt           #.......     14%         2    ###....


Dungeon Overview and Level Annotations

Branches:
Dungeon (2/15)

Altars:


Innate Abilities, Weirdness & Mutations

You are slightly more attuned to the shadows.
You are agile. (Dex +2)
Your mind is acute. (Int +2)
You expend magic power (3 MP) to strengthen your wands.


Message History

Your ball python misses the adder.
The adder bites you.
* * * LOW HITPOINT WARNING * * *
You hit the adder.
You kill the adder!
Your Unarmed Combat skill increases to level 3!
* * * LOW HITPOINT WARNING * * *
You feel sick.
Unknown command.
Drink which item? (? for menu, Esc to quit)
It was a potion of mutation.
You feel extremely strange.
You feel agile.
You feel clever.
You feel your magical essence link to your wands.
* * * LOW HITPOINT WARNING * * *
You feel sick. The jackal closely misses you.
Drink which item? (? for menu, Esc to quit)
It was a potion of resistance.
You feel protected.
* * * LOW HITPOINT WARNING * * *
You feel sick. The jackal misses you. The jackal bites you.
You die...

#.....<...... #
#...#.#####.. #.
#...........
##.#.###..#.#.##!#
................
##.###.###....##.
.........%...... .
...###.##..#..##.
.........@S....#
......####h#.###
...... ... ......
.### ...... .#
.....( .# ..


You could see a jackal and a friendly ball python.

Vanquished Creatures
  An adder (D:2)
  A dart slug (D:1)
  A giant gecko (D:1)
  2 hobgoblins (D:1)
  A bat (D:1)
  2 giant newts (D:1)
  4 kobolds (D:1)
  3 rats (D:1)
15 creatures vanquished.

Notes
Turn   | Place    | Note
--------------------------------------------------------------
     0 | D:1      | epen the Demonspawn Transmuter began the quest for the Orb.
     0 | D:1      | Reached XP level 1. HP: 15/15 MP: 3/3
   255 | D:1      | Gained mutation: You are slightly more attuned to the shadows. [demonic ancestry]
   255 | D:1      | Reached XP level 2. HP: 19/21 MP: 5/5
   684 | D:2      | Learned a level 2 spell: Sticks to Snakes
   711 | D:2      | Reached skill level 3 in Unarmed Combat
   712 | D:2      | Gained mutation: You are agile. (Dex +2) [potion of mutation]
   712 | D:2      | Gained mutation: Your mind is acute. (Int +2) [potion of mutation]
   712 | D:2      | Gained mutation: You expend magic power (3 MP) to strengthen your wands. [potion of mutation]
   713 | D:2      | Slain by a jackal

Skill      XL: |  1  2 |
---------------+-------+-----
Transmutations | 2 |  2.0
Dodging        | 2 |  2.0
Unarmed Combat | 3 |  3.0
Fighting       | |  1.5
Spellcasting   | |  2.2

Action                   || total
-------------------------++-------
Melee: Unarmed           ||    82
       Punch             ||     1
 Cast: Sticks to Snakes  ||     1
  Use: Potion            ||     2
 Stab: Sleeping          ||     2
       Distracted        ||     1
Armor: Robe              ||    17
Dodge: Dodged            ||    65
